 Dungeon Crawl Stone Soup version 0.30-a0-1075-gcd70e7a56d (webtiles) character file.

Game seed: 10031222306497761083

3784 Aneyh the Protected (level 10, -4/68 HPs)
             Began as a Tengu Fighter on Apr 14, 2023.
             Was an Initiate of Hepliaklqana.
             Slain by a two-headed ogre
             ... wielding a +0 giant club
              (8 damage)
             ... on level 7 of the Dungeon.
             The game lasted 00:13:32 (8584 turns).

Aneyh the Protected (Tengu Fighter)                 Turns: 8584, Time: 00:13:34

Health: -4/68      AC: 17    Str: 20    XL:     10   Next: 16%
Magic:  11/11      EV: 11    Int: 10    God:    Hepliaklqana [......]
Gold:   333        SH:  4    Dex: 13    Spells: 9/9 levels left

rFire   . . .      SeeInvis .    p - +0 short sword (protect)
rCold   . . .      Faith    .    c - +0 buckler
rNeg    . . .      Spirit   .    b - +0 scale mail
rPois   .          Reflect  .    (helmet restricted)
rElec   .          Rampage  .    (no cloak)
rCorr   .                        x - +0 pair of gloves
Will    .....                    (boots unavailable) Stlth
                                 (no amulet)
HPRegen 0.31/turn                (no ring)
MPRegen 0.12/turn                (no ring)

@: under a protective aura, flying quickly and evasively, quick
A: beak, talons 3, nimble flight
a: Renounce Religion


You were on level 7 of the Dungeon.
You worshipped Hepliaklqana.
Hepliaklqana was noncommittal.
You visited 2 branches of the dungeon, and saw 9 of its levels.

You collected 408 gold pieces.
You spent 75 gold pieces at shops.

Inventory:

Hand Weapons
 a - a +0 long sword
 p - a +0 short sword of protection (weapon)
 q - a +0 short sword of flaming
 y - a +0 trident
 D - a +2 flail of holy wrath
 E - a +2 spear of venom
 K - a +0 morningstar
 L - a +0 shortbow
 Q - a +5 mace
 R - a +4 mace
 S - a +0 dire flail
Missiles
 f - 10 boomerangs (quivered)
 I - 3 boomerangs of dispersal
 T - 3 silver boomerangs
Armour
 b - a +0 scale mail (worn)
 c - a +0 buckler (worn)
 j - a +2 robe of positive energy
 x - a +0 pair of gloves (worn)
 C - a +1 leather armour of cold resistance
Jewellery
 v - a ring of poison resistance
 J - a ring of positive energy
 M - a ring of protection from fire
 N - a ring of fire
Scrolls
 e - 3 scrolls of magic mapping {unknown}
 g - 3 scrolls of teleportation
 h - 11 scrolls of identify {unknown}
 k - 2 scrolls of noise {unknown}
 s - a scroll of enchant weapon {unknown}
 A - a scroll of silence {unknown}
 B - 2 scrolls of immolation {unknown}
 F - a scroll of fog {unknown}
 G - a scroll of amnesia {unknown}
 H - 2 scrolls of vulnerability {unknown}
 P - a scroll of torment {unknown}
Potions
 d - 2 potions of heal wounds
 i - 2 potions of curing
 l - 2 potions of brilliance
 m - a potion of berserk rage
 n - a potion of haste {unknown}
 o - 4 potions of flight {unknown}
 r - 4 potions of lignification {unknown}
 t - a potion of ambrosia {unknown}
 u - a potion of degeneration {unknown}
 w - a potion of attraction {unknown}
 z - a potion of might
 O - a potion of invisibility {unknown}


   Skills:
 + Level 10.8 Fighting
 - Level 2.1 Long Blades
 + Level 11.3 Armour
 - Level 3.0 Shields


You had 9 spell levels left.
You didn't know any spells.
Your spell library contained the following spells:

 Spells                   Type           Power      Damage    Failure   Level
 Magic Dart               Conj           0%         1d3       75%         1
 Summon Small Mammal      Summ           0%         N/A       75%         1
 Call Imp                 Summ           0%         N/A       87%         2
 Call Canine Familiar     Summ           0%         N/A       98%         3
 Mephitic Cloud           Conj/Pois/Air  0%         N/A       98%         3
 Portal Projectile        Hex/Tloc       0%         N/A       98%         3
 Summon Guardian Golem    Hex/Summ       0%         N/A       98%         3
 Leda's Liquefaction      Hex/Erth       0%         N/A       100%        4


Dungeon Overview and Level Annotations

Branches:
Dungeon (8/15)             Temple (1/1) D:5            Lair (0/5) D:8

Altars:
Ashenzari
Cheibriados
Dithmenos
Elyvilon
Fedhas
Gozag
Hepliaklqana
Kikubaaqudgha
Makhleb
Nemelex Xobeh
Okawaru
Qazlal
Ru
Sif Muna
Trog
Uskayaw
Vehumet
Wu Jian
Xom
Yredelemnul
Zin
The Shining One

Shops:
D:3 (   D:4 =   D:8 *


Innate Abilities, Weirdness & Mutations

You have a beak for a mouth.
You have claws for feet.
Your magical nature lets you fly swiftly and evasively.


Message History

The two-headed ogre hits you with a +0 giant club!
There is a stone staircase leading up, spattered with blood here.
You hit the two-headed ogre but do no damage.
Your weapon exudes an aura of protection.
You claw the two-headed ogre!
The two-headed ogre is lightly wounded.
The two-headed ogre hits you with a +0 giant club!
The two-headed ogre hits you with a +0 giant club.
You hit the two-headed ogre.
You claw the two-headed ogre, but do no damage.
Your peck misses the two-headed ogre.
The two-headed ogre is lightly wounded.
The two-headed ogre hits you but does no damage.
You block the two-headed ogre's attack.
You hit the two-headed ogre but do no damage.
You peck the two-headed ogre.
The two-headed ogre is lightly wounded.
You barely miss the two-headed ogre.
The two-headed ogre is lightly wounded.
The two-headed ogre hits you with a +0 giant club.
The two-headed ogre hits you but does no damage.
You hit the two-headed ogre.
The two-headed ogre is moderately wounded.
The two-headed ogre misses you.
The two-headed ogre hits you but does no damage.
You hit the two-headed ogre.
The two-headed ogre is moderately wounded.
You hit the two-headed ogre.
You peck the two-headed ogre, but do no damage.
The two-headed ogre is moderately wounded.
The two-headed ogre hits you with a +0 giant club!!
The two-headed ogre misses you.
You hit the two-headed ogre.
You claw the two-headed ogre, but do no damage.
You peck the two-headed ogre.
The two-headed ogre is heavily wounded.
The two-headed ogre hits you with a +0 giant club!!
* * * LOW HITPOINT WARNING * * *
The two-headed ogre hits you with a +0 giant club!
You die...

.....# ##.# #...#
#.##.# #..# ###.#
#.##.# #.## #.##
..##.# #.# #..##
####.# ##.#
##..## .# #.#
#..# ##..## .#
#.# #.## ##..# .#
#.### ##.# ##.##
.###...# ###.@#
#... ..####.##
#..O##
########.#.
#....#..#####.###
##..........
####.##.##....#
##...##.##...
#..#..#.####
#..#..#.#..#.
##.##.#.#
#..##.....##.
#.##...#
#......_.....
#......#####
#..##.....##.
####.^.....#
#..#..#.#..#.


You could see a two-headed ogre.

Vanquished Creatures
  Pikel (D:8)
  2 wyverns (D:8)
  2 water moccasins
  An orc warrior (D:7)
  2 black bears (D:5)
  3 ice beasts (D:5)
  3 ogres
  A centaur (D:8)
  5 phantoms
  2 bullfrogs
  A wyvern zombie (D:5)
  2 scorpions
  3 wights (D:8)
  2 bullfrog zombies (D:5)
  A centaur zombie (D:5)
  6 orc priests
  3 hounds
  3 jellies
  2 bullfrog skeletons (D:5)
  2 gnoll boudas
  3 iguanas
  Natasha (thrice) (D:3)
  2 hound skeletons (D:5)
  A howler monkey zombie (D:5)
  8 gnolls
  11 adders
  3 shadow imps
  3 white imps
  An ufetubus (D:6)
  An adder zombie (D:5)
  4 worms
  3 dart slugs
  21 orcs
  4 endoplasms (D:2)
  5 giant cockroaches
  8 goblins
  5 hobgoblins
  11 jackals
  2 quokkas (D:4)
  6 ball pythons
  3 bats (D:1)
  5 frilled lizards
  7 kobolds
  8 rats
175 creatures vanquished.

Vanquished Creatures (others)
  A withered plant (D:5)
1 creature vanquished.

Grand Total: 176 creatures vanquished

Notes
Turn   | Place    | Note
-------+----------+-------------------------------------------
     0 | D:1      | Aneyh the Tengu Fighter began the quest for the Orb.
     0 | D:1      | Reached XP level 1. HP: 14/14 MP: 2/2
   225 | D:1      | Reached XP level 2. HP: 19/19 MP: 3/3
   812 | D:2      | Reached XP level 3. HP: 19/24 MP: 4/4
  1594 | D:3      | Noticed Natasha
  1598 | D:3      | Killed Natasha
  1599 | D:3      | Reached skill level 5 in Fighting
  1599 | D:3      | Reached XP level 4. HP: 28/31 MP: 5/5
  1623 | D:3      | Noticed Natasha
  1632 | D:3      | Killed Natasha
  1688 | D:3      | Found Meceut's Weapon Shop.
  1889 | D:3      | Gained mutation: Your magical nature lets you fly swiftly
                  | and evasively. [Tengu growth]
  1889 | D:3      | Reached XP level 5. HP: 35/35 MP: 6/6
  1930 | D:3      | Noticed Natasha
  1938 | D:3      | Killed Natasha
  1997 | D:3      | Found a faded altar of an unknown god.
  2538 | D:4      | Reached XP level 6. HP: 39/42 MP: 7/7
  2677 | D:4      | Found Emeosok's One-of-a-Kind Rings.
  3015 | D:4      | Found a broken altar of Ashenzari.
  3189 | D:4      | Reached skill level 4 in Armour
  3189 | D:4      | Reached XP level 7. HP: 45/48 MP: 8/8
  3202 | D:4      | Found a burning altar of Makhleb.
  3327 | D:5      | Entered Level 5 of the Dungeon
  3383 | D:5      | Found a staircase to the Ecumenical Temple.
  3419 | Temple   | Entered the Ecumenical Temple
  3749 | D:5      | Reached skill level 5 in Armour
  3801 | D:5      | HP: 2/49 [wyvern zombie (3)]
  4006 | D:5      | Reached XP level 8. HP: 55/55 MP: 9/9
  4174 | D:5      | Reached skill level 6 in Armour
  4814 | D:5      | Reached skill level 7 in Armour
  5051 | D:5      | Reached XP level 9. HP: 15/61 MP: 10/10
  5056 | D:5      | Reached skill level 8 in Armour
  5288 | D:6      | Found an ancient bone altar of Kikubaaqudgha.
  5874 | D:6      | Reached skill level 10 in Fighting
  5903 | D:6      | Reached skill level 9 in Armour
  6137 | D:7      | Found a hide-covered altar of Uskayaw.
  6139 | D:7      | Noticed Pikel
  6157 | D:7      | HP: 3/62 [water moccasin (3)]
  6163 | D:8      | HP: 1/93 [water moccasin (5)]
  6520 | D:8      | Killed Pikel
  6521 | D:8      | Reached skill level 10 in Armour
  7047 | D:8      | Found Uxkoen's General Store.
  7058 | D:8      | Bought a potion of heal wounds for 75 gold pieces
  7148 | D:8      | Reached XP level 10. HP: 12/68 MP: 11/11
  7388 | D:8      | Reached skill level 11 in Armour
  7665 | D:8      | Found a hazy altar of Hepliaklqana.
  7701 | D:8      | Became a worshipper of Hepliaklqana the Forgotten
  8251 | D:8      | Found a staircase to the Lair.
  8343 | D:8      | Noticed a two-headed ogre
  8345 | D:8      | Noticed a two-headed ogre
  8584 | D:7      | Slain by a two-headed ogre

Illustrated notes

Levels and vault maps discovered:
D:1:      dpeg_arrival_rhombus, layout_basic, nicolae_titane
D:2:      layout_loops_ring
D:3:      layout_loops_corners, serial_shops, shop, basic_ecumenical_altar,
          uniq_natasha
D:4:      layout_rooms, mainiacjoe_overflow_24_doors,
          ashenzari_conservatory_becter, nicolae_shop_unique_rings
D:5:      layout_gridville, minmay_temple_entry_wispy, serial_undead,
          serial_undead_b, serial_undead_a, serial_undead_e, serial_undead_b
D:6:      layout_rooms, nicolae_overflow_crystal_walls
D:7:      layout_rooms, mainiacjoe_overflow_small_starburst, uniq_pikel
D:8:      layout_layer_cave, amcnicky_altar_gilded, lair_entry_dummy,
          serial_shops, nicolae_stop_n_shop_1, hangedman_abyss_or_decor_passed,
          uniq_maggie
Temple:   nicolae_temple_bog_church

Skill      XL: |  1  2  3  4  5  6  7  8  9 10 |
---------------+-------------------------------+-----
Fighting       | 4 5 6 7 8 9 10 | 10.8
Armour         | 4 5 7 10 11 | 11.3
Long Blades    | |  2.1
Shields        | |  3.0

Action                     |  1- 3 |  4- 6 |  7- 9 | 10-12 || total
---------------------------+-------+-------+-------+-------++-------
  Melee: Long sword        |    36 |       |       |       ||    36
         Peck              |    16 |    32 |   127 |    28 ||   203
         Kick              |    22 |    82 |   199 |    37 ||   340
         Short sword       |    47 |   216 |   508 |    80 ||   851
    Use: Potion            |       |       |     4 |       ||     4
         Scroll            |       |       |     1 |       ||     1
 Armour: Scale mail        |    34 |    96 |   287 |    28 ||   445
  Dodge: Dodged            |    37 |   100 |   283 |    22 ||   442
  Block: Buckler           |    11 |    45 |   105 |    14 ||   175

Table legend: (Time is in decaauts)
 A = Elapsed time spent in this place.
 B = Non-inter-level travel time spent in this place.
 C = Inter-level travel time spent in this place.
 D = Time resting spent in this place.
 E = Time spent auto-exploring this place.
 F = Levels seen in this place.
 G = Mean time per level.
                   A        B        C        D        E       F      G
               +--------+--------+--------+--------+--------+-----+--------+
         Total |   8270 |   8119 |    151 |   2001 |   4338 |   9 |  918.9 |
       Dungeon |   8144 |   8002 |    142 |   2001 |   4233 |   8 | 1018.0 |
        Temple |    125 |    116 |      9 |      0 |    105 |   1 |  125.0 |
               +--------+--------+--------+--------+--------+-----+--------+

Top non-repeatable levels by time:
     D:5: 1648 daAuts
     D:8: 1613 daAuts
     D:3: 934 daAuts
     D:6: 922 daAuts
     D:4: 883 daAuts
     D:1: 817 daAuts
     D:2: 693 daAuts
     D:7: 631 daAuts
  Temple: 125 daAuts
